 Dungeon Crawl Stone Soup version 0.26-a0-854-gdc81c2f471 (webtiles) character file.

Game seed: 2377307351364830345

39 Descartes the Sneak (level 3, 0/17 HPs)
             Began as a Felid Delver on Nov 22, 2020.
             Slain by an orc
             ... wielding a +0 hand axe
              (2 damage)
             ... on level 5 of the Dungeon.
             The game lasted 00:00:28 (70 turns).

Descartes the Sneak (Felid Delver)                    Turns: 70, Time: 00:00:29

Health: 0/17       AC:  1    Str:  9    XL:     3   Next: 26%
Magic:  4/4        EV: 19    Int: 11    God:
Gold:   4          SH:  0    Dex: 17    Spells: 2/2 levels left
                                        Lives:  0   Deaths: 0

rFire    . . .     SeeInvis +     - Unarmed
rCold    . . .     Faith    .   (shield unavailable)
rNeg     . . .     Spirit   .   (armour unavailable)
rPois    .         Reflect  .   (helmet unavailable)
rElec    .         Harm     .   (cloak unavailable)
rCorr    .         Rampage  .   (gloves unavailable)
MR       .....                  (boots unavailable)
Stlth    ++++......             (no amulet)
HPRegen  0.05/turn              (no ring)
MPRegen  0.09/turn              (no ring)

@: lethally poisoned (0 -> -4), hasted, very quick
A: very small, no armour, no weapons or thrown items, stealth, claws 1, fangs 3,
see invisible, speed 1, shaggy fur 1, sharp paws
a: no special abilities


You were on level 5 of the Dungeon.
You visited 1 branch of the dungeon, and saw 1 of its levels.

You collected 4 gold pieces.

Inventory:

Wands
 e - a wand of digging (3)
Scrolls
 a - a scroll of fog
 b - a scroll of magic mapping
 c - a scroll of fear
 f - a scroll of immolation {unknown}


   Skills:
 - Level 3.0 Fighting
 + Level 4.0 Dodging
 + Level 7.4 Stealth
 - Level 2.0 Unarmed Combat


You had 2 spell levels left.
You didn't know any spells.
Your spell library was empty.

Dungeon Overview and Level Annotations

Branches:
Dungeon (5/15)
 Temple: D:4-7

Altars:


Innate Abilities, Weirdness & Mutations

You cannot wear armour.
You are incapable of wielding weapons or throwing items.
Your paws allow you to move quietly. (Stealth)
You have sharp claws.
You have razor-sharp teeth.
You have supernaturally acute eyesight. (SInv)
You cover ground quickly.
You are covered in fur. (AC +1)
Your sharp claws are effective at attacking unaware monsters.


Message History

You feel sick.
You feel yourself speed up.
You are too injured to fight recklessly!
The orc barely misses you.
You scratch the orc. Your bite misses the orc.
The orc is moderately wounded.
* * * LOW HITPOINT WARNING * * *
You feel sick.
You barely miss the orc.
The orc is moderately wounded.
The orc completely misses you.
You scratch the orc.
The orc is heavily wounded.
The orc closely misses you.
You barely miss the orc.
The orc is heavily wounded.
You scratch the orc.
The orc is severely wounded.
The orc hits you with a +0 hand axe.
You die...

#.#.# ###########>#.#
#(...†........# ##
##.###.......†.# .#
#........###..## .#
#..###.#.# #..# .#
#..# #.#.# #..#
.######..#
#.#.###..####
...[.....#
#.#..@oJ....#
.#####...#
#.#####Z.##.##
.........# #.#
#..#...#
#####...(###.#####J..#
#.............=.##
#.#..###..../...!....
#.#.............###?#
#.#.####..######.# ..
.# #. #..


You could see a jelly, an orc and a bullfrog zombie.

Vanquished Creatures
  An iguana (D:5)
  An adder (D:5)
  A leopard gecko (D:5)
3 creatures vanquished.

Notes
Turn   | Place    | Note
-------+----------+-------------------------------------------
     0 | D:5      | Descartes the Felid Delver began the quest for the Orb.
     0 | D:5      | Reached XP level 1. HP: 10/10 MP: 2/2
    18 | D:5      | Noticed an iguana
    26 | D:5      | Killed an iguana
    27 | D:5      | Reached skill level 7 in Stealth
    27 | D:5      | Reached XP level 2. HP: 14/14 MP: 3/3
    27 | D:5      | Reached XP level 3. HP: 17/17 MP: 4/4
    70 | D:5      | Slain by an orc

Illustrated notes

Levels and vault maps discovered:
D:5:      layout_loops_ring, uniq_duvessa, uniq_crazy_yiuf_cottage

Skill      XL: |  1  2  3 |
---------------+----------+-----
Dodging        | 3 4 |  4.0
Stealth        | 7 |  7.4
Fighting       | |  3.0
Unarmed Combat | |  2.0

Action                   || total
-------------------------++-------
Melee: Unarmed           ||    17
       Bite              ||     3
  Use: Potion            ||     1
 Stab: Sleeping          ||     2
Armor: Skin              ||     1
Dodge: Dodged            ||    27

Table legend: (Time is in decaauts)
 A = Elapsed time spent in this place.
 B = Non-inter-level travel time spent in this place.
 C = Inter-level travel time spent in this place.
 D = Time resting spent in this place.
 E = Time spent auto-exploring this place.
 F = Levels seen in this place.
 G = Mean time per level.
                   A        B        C        D        E       F      G
               +--------+--------+--------+--------+--------+-----+--------+
         Total |     57 |     57 |      0 |      0 |     16 |   1 |   57.0 |
       Dungeon |     57 |     57 |      0 |      0 |     16 |   1 |   57.0 |
               +--------+--------+--------+--------+--------+-----+--------+

Top non-repeatable levels by time:
     D:5: 57 daAuts
